TOP OF THE 1ST |
Eau Claire Esquires batting - Pitching for Salem Sledgehammers : RHP José López
|
Pitching: RHP José López
|
|
Batting: LHB John Frost
|
0-0: Bunted foul 0-1: Ball 1-1: Ball 2-1: SINGLE (Groundball, 34D)
|
Batting: LHB Manny Salazar
|
0-0: Ball 1-0: Ball John Frost is caught stealing 2nd base 2-0: Called Strike 2-1: Foul Ball, location: 2F 2-2: Strikes out swinging
|
Batting: LHB Edwin Ryan
|
0-0: Called Strike 0-1: Ball 1-1: Called Strike 1-2: Ball 2-2: Ball 3-2: Strikes out swinging
|
Top of the 1st over - 0 run(s), 1 hit(s), 0 error(s), 0 left on base; Eau Claire 0 - Salem 0 |
BOTTOM OF THE 1ST |
Salem Sledgehammers batting - Pitching for Eau Claire Esquires : RHP Sean Bass
|
Pitching: RHP Sean Bass
|
|
Batting: LHB José Sánchez
|
0-0: Ball 1-0: Ground out 1-3 (Groundball, 13S)
|
Batting: RHB Dale Reeves
|
0-0: Ball 1-0: Ball 2-0: Ball 3-0: Base on Balls
|
Batting: RHB Finn Buys
|
0-0: Ball 1-0: Ball 2-0: Ball 3-0: Base on Balls Dale Reeves to second
|
Batting: LHB Juan Aguilar
|
0-0: Ball 1-0: Called Strike 1-1: Foul Ball, location: 2F 1-2: Fly out, F8 (Line Drive, 8LS)
|
Batting: RHB Glenn Broadwater
|
0-0: Called Strike 0-1: Ball 1-1: Ball 2-1: Ball 3-1: Foul Ball, location: 2F 3-2: Base on Balls Dale Reeves to third Finn Buys to second
|
Batting: LHB Nathan Frey
|
0-0: Ball 1-0: Ground out 6-3 (Groundball, 6)
|
Bottom of the 1st over - 0 run(s), 0 hit(s), 0 error(s), 3 left on base; Eau Claire 0 - Salem 0 |
TOP OF THE 2ND |
Eau Claire Esquires batting - Pitching for Salem Sledgehammers : RHP José López
|
Batting: RHB Félix Gonzáles
|
0-0: Ball 1-0: DOUBLE (Line Drive, 8RD)
|
Batting: RHB Tony Vázquez
|
0-0: Ball 1-0: Called Strike 1-1: Called Strike 1-2: Ball 2-2: Foul Ball, location: 2F 2-2: Strikes out swinging
|
Batting: RHB Carlos Rea
|
0-0: Called Strike 0-1: Called Strike 0-2: Fly out, F9 (Line Drive, 9S)
|
Batting: RHB Esteban Lara
|
0-0: Called Strike 0-1: Ball 1-1: Called Strike 1-2: Ball 2-2: Ball 3-2: Strikes out swinging
|
Top of the 2nd over - 0 run(s), 1 hit(s), 0 error(s), 1 left on base; Eau Claire 0 - Salem 0 |
BOTTOM OF THE 2ND |
Salem Sledgehammers batting - Pitching for Eau Claire Esquires : RHP Sean Bass
|
Batting: RHB Patrick Daniels
|
0-0: Ball 1-0: Called Strike 1-1: Ball 2-1: Ball 3-1: Swinging Strike 3-2: Strikes out swinging
|
Batting: RHB Sergio Mata
|
0-0: Called Strike 0-1: Ball 1-1: SINGLE (Line Drive, 89S)
|
Batting: LHB Caleb Hall
|
0-0: Ball 1-0: DOUBLE (Groundball, 3D) Sergio Mata to third
|
Batting: LHB José Sánchez
|
0-0: Swinging Strike 0-1: Ball 1-1: Swinging Strike 1-2: SINGLE (Flyball, 7S) Sergio Mata scores Caleb Hall to third Runner from 3rd tries for Home, SAFE, no throw or cutoff
|
Batting: RHB Dale Reeves
|
0-0: Ball 1-0: Foul Ball, location: 2F 1-1: SINGLE (Groundball, 4D) (infield hit) José Sánchez to second
|
Batting: RHB Finn Buys
|
0-0: Foul Ball, location: 2F 0-1: Ball José Sánchez steals 3rd base Dale Reeves to second 1-1: Swinging Strike 1-2: Foul Ball, location: 2F 1-2: Fly out, F8 (Flyball, 89M) Runner from 3rd tags up, SCORES, no throw
|
Batting: LHB Juan Aguilar
|
0-0: Ball 1-0: Called Strike 1-1: Ball 2-1: Ball 3-1: Base on Balls
|
Batting: RHB Glenn Broadwater
|
0-0: Ball 1-0: Ball 2-0: Called Strike 2-1: Foul Ball, location: 2F 2-2: Strikes out swinging
|
Bottom of the 2nd over - 3 run(s), 4 hit(s), 0 error(s), 2 left on base; Eau Claire 0 - Salem 3 |
TOP OF THE 3RD |
Eau Claire Esquires batting - Pitching for Salem Sledgehammers : RHP José López
|
Batting: RHB Herb Bunch
|
0-0: Called Strike 0-1: Ball 1-1: SINGLE (Groundball, 34D)
|
Batting: LHB Jorge Fernández
|
0-0: Called Strike 0-1: Swinging Strike 0-2: Fielders Choice at 2nd, 3-6 (Groundball, 3)
|
Batting: LHB John Frost
|
0-0: Called Strike 0-1: Ball 1-1: Called Strike 1-2: DOUBLE (Line Drive, 3D) Jorge Fernández to third
|
Batting: LHB Manny Salazar
|
0-0: Ball 1-0: Ground out 5-3 (Groundball, 5S)
|
Batting: LHB Edwin Ryan
|
0-0: Ball 1-0: Fly out, F8 (Flyball, 8LM)
|
Top of the 3rd over - 0 run(s), 2 hit(s), 0 error(s), 2 left on base; Eau Claire 0 - Salem 3 |
BOTTOM OF THE 3RD |
Salem Sledgehammers batting - Pitching for Eau Claire Esquires : RHP Sean Bass
|
Batting: LHB Nathan Frey
|
0-0: Ball 1-0: Ball 2-0: Called Strike 2-1: Foul Ball, location: 2F 2-2: Ball 3-2: Base on Balls
|
Batting: RHB Patrick Daniels
|
0-0: Ball 1-0: Called Strike 1-1: Called Strike 1-2: Fly out, F7 (Flyball, 78S) 1-2: Lined into DP, 7-3 (Flyball, 78S)
|
Batting: RHB Sergio Mata
|
0-0: Called Strike 0-1: Ball 1-1: Ball 2-1: Ground out 5-3 (Groundball, 56)
|
Bottom of the 3rd over - 0 run(s), 0 hit(s), 0 error(s), 0 left on base; Eau Claire 0 - Salem 3 |
TOP OF THE 4TH |
Eau Claire Esquires batting - Pitching for Salem Sledgehammers : RHP José López
|
Batting: RHB Félix Gonzáles
|
0-0: Ball 1-0: SINGLE (Flyball, 89S)
|
Batting: RHB Tony Vázquez
|
0-0: Swinging Strike 0-1: Foul Ball, location: 2F 0-2: Foul Ball, location: 2F 0-2: Strikes out swinging
|
Batting: RHB Carlos Rea
|
0-0: Ball 1-0: Called Strike 1-1: Foul Ball, location: 2F 1-2: Strikes out swinging
|
Batting: RHB Esteban Lara
|
0-0: Fly out, F9 (Flyball, 9LS)
|
Top of the 4th over - 0 run(s), 1 hit(s), 0 error(s), 1 left on base; Eau Claire 0 - Salem 3 |
BOTTOM OF THE 4TH |
Salem Sledgehammers batting - Pitching for Eau Claire Esquires : RHP Sean Bass
|
Batting: LHB Caleb Hall
|
0-0: Ground out 1-3 (Groundball, 15)
|
Batting: LHB José Sánchez
|
0-0: Called Strike 0-1: Ball 1-1: Called Strike 1-2: SINGLE (Line Drive, 4M)
|
Batting: RHB Dale Reeves
|
0-0: Ball 1-0: Called Strike 1-1: Ball 2-1: Ball 3-1: Fly out, F9 (Flyball, 8RM)
|
Batting: RHB Finn Buys
|
0-0: Ball 1-0: Called Strike 1-1: Ball 2-1: Foul Ball, location: 2F 2-2: Ball 3-2: DOUBLE (Groundball, 5L) José Sánchez to third José Sánchez scores
|
Pitching: RHP Arthur López
|
|
Batting: LHB Juan Aguilar
|
0-0: Ball 1-0: Called Strike 1-1: Fly out, F4 (Popup, 34D)
|
Bottom of the 4th over - 1 run(s), 2 hit(s), 0 error(s), 1 left on base; Eau Claire 0 - Salem 4 |
TOP OF THE 5TH |
Eau Claire Esquires batting - Pitching for Salem Sledgehammers : RHP José López
|
Batting: RHB Herb Bunch
|
0-0: Called Strike 0-1: Ground out 3-1 (Groundball, 34S)
|
Batting: LHB Jorge Fernández
|
0-0: Called Strike 0-1: Swinging Strike 0-2: Ball 1-2: Ball 2-2: Ball 3-2: Strikes out swinging
|
Batting: LHB John Frost
|
0-0: Called Strike 0-1: Ball 1-1: Bunt missed! 1-2: Ball 2-2: SINGLE (Line Drive, 34D)
|
Pitching: RHP Guillermo Martínez
|
|
Batting: LHB Manny Salazar
|
0-0: Ball 1-0: Ball 2-0: Ball 3-0: Base on Balls John Frost to second
|
Batting: LHB Edwin Ryan
|
0-0: Ball 1-0: Ball 2-0: Ball 3-0: Called Strike 3-1: Base on Balls John Frost to third Manny Salazar to second
|
Batting: RHB Félix Gonzáles
|
0-0: Called Strike 0-1: Foul Ball, location: 2F 0-2: Ball 1-2: Ball 2-2: Strikes out swinging
|
Top of the 5th over - 0 run(s), 1 hit(s), 0 error(s), 3 left on base; Eau Claire 0 - Salem 4 |
BOTTOM OF THE 5TH |
Salem Sledgehammers batting - Pitching for Eau Claire Esquires : RHP Arthur López
|
Batting: RHB Glenn Broadwater
|
0-0: Ball 1-0: Ball 2-0: Foul Ball, location: 2F 2-1: Fly out, F8 (Flyball, 8RM)
|
Batting: LHB Nathan Frey
|
0-0: Called Strike 0-1: Called Strike 0-2: Ball 1-2: Ball 2-2: Foul Ball, location: 2F 2-2: Foul Ball, location: 2F 2-2: Fly out, F8 (Flyball, 8RXD)
|
Batting: RHB Patrick Daniels
|
0-0: Ball 1-0: Fly out, F4 (Line Drive, 4)
|
Bottom of the 5th over - 0 run(s), 0 hit(s), 0 error(s), 0 left on base; Eau Claire 0 - Salem 4 |
TOP OF THE 6TH |
Eau Claire Esquires batting - Pitching for Salem Sledgehammers : RHP Guillermo Martínez
|
Batting: RHB Tony Vázquez
|
0-0: Called Strike 0-1: Called Strike 0-2: Ground out 6-3 (Groundball, 6)
|
Batting: RHB Carlos Rea
|
0-0: Ball 1-0: Ball 2-0: Swinging Strike 2-1: Called Strike 2-2: Ball 3-2: Ground out 5-3 (Groundball, 5L)
|
Batting: RHB Esteban Lara
|
0-0: Ball 1-0: Ball 2-0: Swinging Strike 2-1: Ball 3-1: Foul Ball, location: 2F 3-2: Strikes out looking
|
Top of the 6th over - 0 run(s), 0 hit(s), 0 error(s), 0 left on base; Eau Claire 0 - Salem 4 |
BOTTOM OF THE 6TH |
Salem Sledgehammers batting - Pitching for Eau Claire Esquires : RHP Arthur López
|
Batting: RHB Sergio Mata
|
0-0: Ball 1-0: Ball 2-0: Called Strike 2-1: Foul Ball, location: 2F 2-2: Strikes out swinging
|
Batting: LHB Caleb Hall
|
0-0: Ground out 6-3 (Groundball, 6)
|
Batting: LHB José Sánchez
|
0-0: Foul Ball, location: 2F 0-1: Called Strike 0-2: Ball 1-2: Ball 2-2: Ball 3-2: Base on Balls
|
Batting: RHB Dale Reeves
|
0-0: Ball 1-0: Swinging Strike 1-1: Called Strike 1-2: Ball 2-2: Ball José Sánchez steals 2nd base 3-2: Ground out 5-3 (Groundball, 56S)
|
Bottom of the 6th over - 0 run(s), 0 hit(s), 0 error(s), 1 left on base; Eau Claire 0 - Salem 4 |
TOP OF THE 7TH |
Eau Claire Esquires batting - Pitching for Salem Sledgehammers : RHP Guillermo Martínez
|
Batting: RHB Herb Bunch
|
0-0: Swinging Strike 0-1: Foul Ball, location: 2F 0-2: Ball 1-2: Strikes out swinging
|
Batting: LHB Jorge Fernández
|
0-0: Swinging Strike 0-1: Fly out, F8 (Flyball, 8RM)
|
Batting: LHB John Frost
|
0-0: Ball 1-0: Called Strike 1-1: Called Strike 1-2: Strikes out swinging
|
Top of the 7th over - 0 run(s), 0 hit(s), 0 error(s), 0 left on base; Eau Claire 0 - Salem 4 |
BOTTOM OF THE 7TH |
Salem Sledgehammers batting - Pitching for Eau Claire Esquires : RHP Arthur López
|
Pitching: RHP Kyle Horton
|
|
Batting: RHB Finn Buys
|
0-0: Called Strike 0-1: Ball 1-1: Ball 2-1: Ball 3-1: Base on Balls
|
Batting: LHB Juan Aguilar
|
0-0: Called Strike 0-1: Foul Ball, location: 2F 0-2: Ball 1-2: Hit by Pitch Finn Buys to second
|
Batting: RHB Glenn Broadwater
|
0-0: Ball 1-0: Called Strike 1-1: Ball 2-1: Ground out 5-3 (Groundball, 5S) Finn Buys to third Juan Aguilar to second
|
Batting: LHB Nathan Frey
|
0-0: Intentional Walk
|
Batting: RHB Patrick Daniels
|
0-0: Called Strike 0-1: Ball 1-1: Ground out U3 (Groundball, 3S) Finn Buys scores Juan Aguilar to third Nathan Frey to second
|
Batting: RHB Sergio Mata
|
0-0: Ball 1-0: Ball 2-0: Ball 3-0: Foul Ball, location: 2F 3-1: Foul Ball, location: 2F 3-2: Foul Ball, location: 2F 3-2: Base on Balls
|
Batting: LHB Caleb Hall
|
0-0: Fly out, F9 (Line Drive, 9M)
|
Bottom of the 7th over - 1 run(s), 0 hit(s), 0 error(s), 3 left on base; Eau Claire 0 - Salem 5 |
TOP OF THE 8TH |
Eau Claire Esquires batting - Pitching for Salem Sledgehammers : RHP Guillermo Martínez
|
Pitching: RHP Jeff Hansen
|
|
Batting: LHB Manny Salazar
|
0-0: Foul Ball, location: 2F 0-1: Ball 1-1: Foul Ball, location: 2F 1-2: Strikes out looking
|
Batting: LHB Edwin Ryan
|
0-0: Ball 1-0: Swinging Strike 1-1: Ball 2-1: Ball 3-1: Base on Balls
|
Batting: RHB Félix Gonzáles
|
0-0: Ball 1-0: Swinging Strike 1-1: Foul Ball, location: 2F 1-2: Ball 2-2: Strikes out looking
|
Batting: RHB Tony Vázquez
|
0-0: Foul Ball, location: 2F 0-1: SINGLE (Line Drive, 7S) Edwin Ryan to second
|
Batting: RHB Carlos Rea
|
0-0: Ball 1-0: Ball 2-0: Ball 3-0: Called Strike 3-1: Base on Balls Edwin Ryan to third Tony Vázquez to second
|
Pitching: RHP Vaughan Gillespie
|
|
Batting: RHB Esteban Lara
|
0-0: Ball 1-0: Ball 2-0: Called Strike 2-1: Ground out 3-1 (Groundball, 34S)
|
Top of the 8th over - 0 run(s), 1 hit(s), 0 error(s), 3 left on base; Eau Claire 0 - Salem 5 |
BOTTOM OF THE 8TH |
Salem Sledgehammers batting - Pitching for Eau Claire Esquires : RHP Kyle Horton
|
Batting: LHB José Sánchez
|
0-0: Called Strike 0-1: Ball 1-1: Ground out U3 (Groundball, 3)
|
Batting: RHB Dale Reeves
|
0-0: Hit by Pitch
|
Batting: RHB Finn Buys
|
0-0: Ball 1-0: Ball 2-0: Grounds into double play, 1-4-3 (Groundball, 13)
|
Bottom of the 8th over - 0 run(s), 0 hit(s), 0 error(s), 0 left on base; Eau Claire 0 - Salem 5 |
TOP OF THE 9TH |
Eau Claire Esquires batting - Pitching for Salem Sledgehammers : RHP Vaughan Gillespie
|
Now at C: Robert Stevens
|
|
Batting: RHB Herb Bunch
|
0-0: Ground out 5-3 (Groundball, 56S)
|
Batting: LHB Jorge Fernández
|
0-0: Called Strike 0-1: Ball 1-1: Ball 2-1: Foul Ball, location: 2F 2-2: Ball 3-2: Base on Balls
|
Batting: LHB John Frost
|
0-0: Fielders Choice at 2nd, 1-4 (Groundball, 13S)
|
Batting: LHB Manny Salazar
|
0-0: Called Strike 0-1: Ball 1-1: Called Strike 1-2: Ball 2-2: Fly out, F6 (Popup, 6D)
|
Top of the 9th over - 0 run(s), 0 hit(s), 0 error(s), 1 left on base; Eau Claire 0 - Salem 5 |
|